 Dungeon Crawl Stone Soup version 0.31.0-12-g77e489cdc1 (webtiles) character file.

Game seed: 3548876473172537245

144 Ijustatesigmund the Cudgeller (level 5, -6/48 HPs)
             Began as a Gargoyle Fighter on Feb 27, 2024.
             Mangled by an orc warrior
             ... wielding a +0 long sword
              (11 damage)
             ... on level 5 of the Dungeon.
             The game lasted 00:03:29 (2204 turns).

Ijustatesigmund the Cudgeller (Gargoyle Fighter)    Turns: 2204, Time: 00:03:30

Health: -6/48      AC: 13    Str: 18 (20) XL:     5   Next: 27%
Magic:  5/5        EV:  9    Int:  9 (10) God:
Gold:   155        SH:  4    Dex:  7 (9)  Spells: 4/4 levels left

rFire   . . .        a - +0 flail
rCold   . . .        c - +0 buckler
rNeg    + . .        b - +0 scale mail
rPois   ∞            l - +0 helmet
rElec   +            (no cloak)
rCorr   .            f - +0 pair of gloves
SInv    .            (no boots)
Will    .....        (no amulet) Stlth
                     (no ring)
HPRegen 0.28/turn    (no ring)
MPRegen 0.09/turn

%: no passive effects
@: mighty, berserking, invisible, very quick
A: sickness immunity, AC +4, negative energy resistance 1, electricity
resistance, torment resistance 1, petrification resistance
a: no special abilities


You were on level 5 of the Dungeon.
You visited 1 branch of the dungeon, and saw 5 of its levels.

You collected 155 gold pieces.

Inventory:

Hand Weapons
 a - a +0 flail (weapon)
Armour
 b - a +0 scale mail (worn)
 c - a +0 buckler (worn)
 f - a +0 pair of gloves (worn)
 l - a +0 helmet (worn)
Scrolls
 h - a scroll of amnesia {unknown}
 i - a scroll of teleportation {unknown}
 j - a scroll of identify {unknown}
 n - 3 scrolls of fear {unknown}
 o - a scroll of enchant weapon {unknown}
Potions
 e - 2 potions of curing


   Skills:
 + Level 3.4 Fighting
 + Level 5.1 Maces & Flails
 + Level 3.4 Armour
 - Level 3.2 Shields


You had 4 spell levels left.
You didn't know any spells.
Your spell library contained the following spells:

 Spells                   Type           Power      Damage    Failure   Level
 Lesser Beckoning         Tloc           0%         N/A       94%         2
 Gell's Gravitas          Tloc           0%         N/A       99%         3
 Teleport Other           Tloc           0%         N/A       99%         3


Dungeon Overview and Level Annotations

Branches:
Dungeon (5/15)
 Temple: D:4-7

Altars:
Wu Jian

Annotations:
D:4 Dowan, Duvessa


Innate Abilities, Weirdness & Mutations

You are immune to sickness and miasma.
Your stone body is resilient. (AC +4)
You are immune to poison.
You resist negative energy. (rN+)
You are resistant to electric shocks. (rElec)
You are resistant to unholy torment.
You are immune to petrification.


Message History

You hit the orc.
The orc is moderately wounded.
The orc warrior hits you with a +0 long sword!
The orc closely misses you.
You hit the orc.
The orc is heavily wounded.
The orc hits you with a +0 club.
The orc warrior hits you but does no damage.
You barely miss the orc.
The orc is heavily wounded.
The orc hits you but does no damage.
The orc warrior hits you with a +0 long sword!
You hit the orc.
The orc is severely wounded.
The orc closely misses you. The orc warrior closely misses you.
You hit the orc but do no damage.
The orc is severely wounded.
The orc hits you but does no damage. You block the orc warrior's attack.
You hit the orc warrior.
The orc warrior is lightly wounded.
The orc hits you with a +0 club.
The orc warrior hits you with a +0 long sword!
* * * LOW HITPOINT WARNING * * *
The orc warrior barely misses you. The orc hits you but does no damage.
You hit the orc warrior but do no damage.
The orc warrior is lightly wounded.
The orc closely misses you.
The orc warrior hits you with a +0 long sword.
* * * LOW HITPOINT WARNING * * *
It was a potion of invisibility.
You fade into invisibility!
The orc barely misses you.
The orc warrior hits you with a +0 long sword.
* * * LOW HITPOINT WARNING * * *
It was a potion of berserk rage.
A red film seems to cover your vision as you go berserk!
You feel yourself moving faster!
You feel mighty!
A phantom comes into view.
The orc warrior hits you with a +0 long sword!
You die... # #W#####.##### #.ooo@o...... #######.##### #

You could see an orc warrior (unable to see you), a phantom (wandering, unable to see you) and 3 orcs.

Vanquished Creatures
  An orc priest (D:3)
  An orc wizard (D:3)
  3 adders
  A ribbon worm (D:2)
  A dart slug (D:2)
  8 orcs (D:3)
  6 bats
  4 endoplasms
  6 goblins
  4 hobgoblins
  3 quokkas
  7 ball pythons
  3 frilled lizards
  8 kobolds
  2 rats
58 creatures vanquished.

Notes
Turn   | Place    | Note
-------+----------+-------------------------------------------
     0 | D:1      | Ijustatesigmund the Gargoyle Fighter began the quest for
                  | the Orb.
     0 | D:1      | Reached XP level 1. HP: 14/14 MP: 1/1
    70 | D:1      | Reached XP level 2. HP: 19/19 MP: 2/2
   220 | D:1      | Reached skill level 3 in Maces & Flails
   506 | D:2      | Reached XP level 3. HP: 19/23 MP: 3/3
   848 | D:2      | Reached skill level 4 in Maces & Flails
   915 | D:3      | Reached XP level 4. HP: 28/28 MP: 4/4
  1090 | D:3      | Reached skill level 5 in Maces & Flails
  1134 | D:3      | Reached XP level 5. HP: 32/32 MP: 5/5
  1189 | D:3      | Found an ornate altar of the Wu Jian Council.
  1579 | D:3      | Found a faded altar of an unknown god.
  2120 | D:4      | Noticed a black bear
  2185 | D:4      | Noticed Duvessa
  2185 | D:4      | Noticed Dowan
  2193 | D:5      | Entered Level 5 of the Dungeon
  2193 | D:5      | Noticed an orc warrior
  2204 | D:5      | Noticed a phantom
  2204 | D:5      | Mangled by an orc warrior

Illustrated notes

Levels and vault maps discovered:
D:1:      lemuel_arrival_funnel, layout_rooms, serial_bayou_ford_a,
          minmay_surrounded
D:2:      layout_rooms
D:3:      layout_basic, pdpol_wu_jian_five_deadly_venoms,
          shapermc_ecumenical_altar_petra
D:4:      layout_basic, lemuel_round_altar, mainiacjoe_overflow_divided_tiny,
          uniq_duvessa, uniq_crazy_yiuf_cottage
D:5:      layout_basic, uniq_menkaure

Skill      XL: |  1  2  3  4 |
---------------+-------------+-----
Maces & Flails | 3 4 5 |  5.1
Fighting       | |  3.4
Armour         | |  3.4
Shields        | |  3.2

Action                     |  1- 3 |  4- 6 || total
---------------------------+-------+-------++-------
  Melee: Flail             |    98 |   141 ||   239
    Use: Potion            |       |     8 ||     8
 Armour: Scale mail        |    88 |   139 ||   227
  Dodge: Dodged            |    67 |    64 ||   131
  Block: Buckler           |    28 |    32 ||    60
